 Dungeon Crawl Stone Soup version 0.18-a0-1784-ga939a68 (webtiles) character file.

178 Ebgish the Slasher (level 5, -1/40 HPs)
             Began as a Demonspawn Gladiator on Apr 18, 2016.
             Slain by a wyvern zombie (9 damage)
             ... on level 3 of the Dungeon.
             The game lasted 00:10:04 (3214 turns).

Ebgish the Slasher (Demonspawn Gladiator)           Turns: 3214, Time: 00:10:05

Health: -1/40      AC:  9    Str: 16    XL:     5   Next: 32%
Magic:  5/5        EV:  7    Int: 10    God:
Gold:   115        SH:  0    Dex: 15    Spells: 0 memorised, 4 levels left

rFire  . . .     SeeInvis .     a - +1 long sword
rCold  + . .     Gourm    .     v - +0 ring mail
rNeg   . . .     Faith    .     (no shield)
rPois  .         Spirit   .     c - +1 helmet
rElec  .         Dismiss  .     s - +1 cloak
rCorr  .         Reflect  .     (no gloves)
SustAt .         Harm     .     (no boots)
MR     .....                    (no amulet)
Stlth  ++........               (no ring)
                                (no ring)

@: not resistant to hostile enchantments, unstealthy
A: thin skeletal structure 1, cold resistance 1, nightstalker 1
a: no special abilities


You were on level 3 of the Dungeon.
You were not hungry.

You visited 1 branch of the dungeon, and saw 3 of its levels.

You collected 115 gold pieces.

Inventory:

Hand Weapons
 a - a +1 long sword (weapon)
Missiles
 h - 69 stones (quivered)
Armour
 b - a +0 leather armour
 c - a +1 helmet (worn)
 s - a +1 cloak (worn)
 v - a +0 ring mail (worn)
Jewellery
 w - an uncursed ring of see invisible {unknown}
Scrolls
 i - 2 scrolls of enchant weapon
 k - a scroll of enchant armour
 l - a scroll of fear {unknown}
 n - 2 scrolls of teleportation
 o - 2 scrolls of remove curse {unknown}
 q - a scroll of fog {unknown}
 t - a scroll of immolation {unknown}
 u - 2 scrolls of recharging {unknown}
Potions
 e - a potion of brilliance {unknown}
 j - 2 potions of curing
 m - 2 potions of agility
 p - a potion of resistance {unknown}
 r - a potion of berserk rage {unknown}
 z - 2 potions of ambrosia {unknown}
Comestibles
 f - 2 bread rations
 g - a royal jelly
 x - 4 chunks of flesh


   Skills:
 + Level 2.8 Fighting
 * Level 4.2 Long Blades
 + Level 2.2 Throwing
 * Level 2.2 Armour
 - Level 2.6 Dodging


You had 4 spell levels left.
You didn't know any spells.

Dungeon Overview and Level Annotations

Branches:
Dungeon (3/15)

Altars:


Innate Abilities, Weirdness & Mutations

You have a somewhat thin skeletal structure (Dex +2, Stealth).
Your flesh is cold resistant.
You are slightly more attuned to the shadows.


Message History

You hit the wyvern zombie. The wyvern zombie bites you!
The wyvern zombie closely misses you.
You take 10 damage, and have 30/40 hp.
MASSIVE DAMAGE!!
You barely miss the wyvern zombie. The wyvern zombie barely misses you.
You hit the wyvern zombie but do no damage.
The wyvern zombie barely misses you.
The wyvern zombie bites you but does no damage.
You barely miss the wyvern zombie. The wyvern zombie bites you! x2
* * * LOW HITPOINT WARNING * * *
You take 21 damage, and have 9/40 hp.
MASSIVE DAMAGE!!
The wyvern zombie bites you.
* * * LOW HITPOINT WARNING * * *
You take 2 damage, and have 8/40 hp.
There is a stone staircase leading up here.
Drink which item? (? for menu, Esc to quit)
Okay, then.
The wyvern zombie bites you!
You die...

....######.##.......##....#......
###.## ##..##.##....##..#........
#..###......##.#####....#......
####..##....###.........#..).####
............###..........(#..#
#####.....#.[[#....(....#....#
##....#.#..............#^#
##.....#.##..........##.(.#
###..#...#.##.#@Z......####(#
##......##..##..........# #.(#
...#.##.####.>##.....######.####
####.##.####..##...####........#
##..#..#...##.....# #.....[..#
#..##.##.#.##.#...####........#
#.###.#......#................#
##.#...#.#.####..#.####........#
.........#.#.....#..# #........#


You could see a wyvern zombie.

Vanquished Creatures
  3 orc wizards
  4 adders (D:2)
  A worm (D:3)
  A dart slug (D:1)
  2 giant geckos (D:2)
  3 orcs (D:2)
  A giant cockroach (D:3)
  6 goblins (D:2)
  3 hobgoblins
  11 kobolds
  3 quokkas
  A bat (D:2)
  3 giant newts (D:2)
  5 rats
47 creatures vanquished.

Notes
Turn   | Place    | Note
--------------------------------------------------------------
     0 | D:1      | Ebgish the Demonspawn Gladiator began the quest for the Orb.
     0 | D:1      | Reached XP level 1. HP: 16/16 MP: 1/1
   259 | D:1      | Reached skill level 3 in Long Blades
   342 | D:1      | Gained mutation: Your flesh is cold resistant. [demonic ancestry]
   342 | D:1      | Reached XP level 2. HP: 22/22 MP: 2/2
  1369 | D:2      | Reached XP level 3. HP: 26/28 MP: 3/3
  1853 | D:2      | Reached skill level 1 in Armour
  2254 | D:2      | Gained mutation: You have a somewhat thin skeletal structure (Dex +2, Stealth). [demonic ancestry]
  2254 | D:2      | Reached XP level 4. HP: 26/34 MP: 4/4
  2660 | D:3      | Reached skill level 4 in Long Blades
  2665 | D:3      | Gained mutation: You are slightly more attuned to the shadows. [demonic ancestry]
  2665 | D:3      | Reached XP level 5. HP: 31/40 MP: 5/5
  3214 | D:3      | Slain by a wyvern zombie

Vault maps used:
D:1:      dpeg_arrival_three_smaller_balls, hangedman_feature_mirror,
          kennysheep_decorative_pillar, serial_bayou_lagoon_a,
          nrook_mini_vaults, grunt_decor_one_mirror
D:3:      vehumet_crystals, minmay_misc_feat_pillars, st_stairs_7

Skill      XL: |  1  2  3  4 |
---------------+-------------+-----
Long Blades    | 3 4 |  4.2
Throwing       | 2 |  2.2
Armour         | 1 2 |  2.2
Fighting       | |  2.8
Dodging        | |  2.6

Action                   |  1- 3 |  4- 6 || total
-------------------------+-------+-------++-------
Melee: Long sword        |    92 |    77 ||   169
Throw: Stone             |       |     3 ||     3
       Throwing net      |       |     3 ||     3
  Use: Scroll            |     5 |       ||     5
 Stab: Sleeping          |       |     1 ||     1
  Eat: Chunk             |     4 |     3 ||     7
Armor: Leather armour    |    17 |       ||    17
       Ring mail         |    40 |    27 ||    67
Dodge: Dodged            |    65 |    52 ||   117
